AoeStats
← tarariketevi

Arena

509720758Analyzed
2v2 RM · 3d ago on Sep 27, 2026· 58m 11s· 4 players
Game mode
Random Map
Map size
Medium (4 player)
Population
200
Speed
Normal
Resources
Standard
Victory
Conquest
Starting age
Dark Age
Ending age
Imperial Age
RankedLock teamsTeams togetherTeam positionsShared explorationLock speedFull tech treeHidden civsTurbo modeCheats
Victory
Defeat
🇪🇸 Persians · Spain
1080
+17
🇪🇸 Franks · Spain
1067
+17
🇳🇴 Bohemians · Norway
1098
-17
🇳🇴 Saxons · Norway
1097
-17
Xolasos
11:38 Feudal Age
9:54 Loom
15:39 Castle Age
13:58 Double-Bit Axe
16:32 Bow Saw
22:03 Wheelbarrow
21:57 Town Watch
22:11 Stone Mining
24:15 Hand Cart
27:32 Gold Mining
30:16 Imperial Age
30:52 Husbandry
31:01 Scale Barding Armor
31:07 Forging
30:27 Cavalier
30:30 Light Cavalry
31:34 Forging
31:27 Scale Mail Armor
32:05 Chain Barding Armor
32:48 Chivalry
32:19 Elite Throwing Axeman
34:06 Plate Barding Armor
34:11 Iron Casting
36:07 Gold Shaft Mining
37:06 Blast Furnace
36:40 Conscription
37:19 Paladin
42:12 Coinage
41:46 Caravan
45:08 Hoardings
47:22 Chain Mail Armor
46:58 Fletching
48:13 Chemistry
47:34 Ballistics
47:25 Masonry
46:57 Treadmill Crane
47:23 Siege Engineers
47:14 Murder Holes
tarariketevi
10:50 Feudal Age
15:15 Castle Age
13:50 Double-Bit Axe
14:26 Loom
15:43 Fletching
17:25 Crossbowman
24:05 Bow Saw
27:43 Padded Archer Armor
27:47 Bodkin Arrow
29:34 Ballistics
33:05 Gold Mining
33:06 Stone Mining
33:48 Thumb Ring
39:41 Imperial Age
37:47 Wheelbarrow
41:30 Chemistry
41:02 Scale Barding Armor
41:08 Forging
41:19 Leather Archer Armor
47:15 Gold Shaft Mining
47:15 Stone Shaft Mining
ECH
10:44 Feudal Age
12:04 Double-Bit Axe
15:41 Castle Age
13:32 Loom
14:16 Horse Collar
17:37 Stone Mining
26:04 Squires
27:07 Thumb Ring
27:19 Fletching
27:56 Gambesons
28:20 Crossbowman
30:51 Bodkin Arrow
31:37 Gold Mining
37:47 Arson
38:34 Forging
38:25 Padded Archer Armor
42:14 Pikeman
46:40 Scale Mail Armor
47:16 Iron Casting
51:04 Elite Skirmisher
52:01 Leather Archer Armor
MoarScoops
10:54 Feudal Age
11:38 Double-Bit Axe
11:35 Horse Collar
18:18 Castle Age
19:11 Pikeman
21:02 Bow Saw
25:18 Wheelbarrow
24:35 Loom
27:47 Chemistry
26:53 Padded Archer Armor
26:45 Fletching
27:32 Town Watch
32:14 Ballistics
31:51 Murder Holes
33:09 Squires
33:31 Hand Cart
33:58 Wagenburg Tactics
34:42 Leather Archer Armor
34:24 Bodkin Arrow
34:57 Sanctity
34:47 Fervor
40:06 Imperial Age
39:07 Arson
40:18 Halberdier
41:23 Scale Mail Armor
41:33 Forging
42:09 Conscription
42:22 Chain Mail Armor
46:04 Coinage
45:44 Guilds
47:43 Hussite Reforms
49:50 Banking
51:25 Bracer
52:03 Iron Casting
51:24 Elite Hussite Wagon
52:34 Fervor
55:24 Block Printing
55:20 Redemption
Connection lost

Rejoining the realm…

Still unreachable

The connection could not be restored.

Session expired

The server has moved on; the page needs a fresh start.